 Dungeon Crawl Stone Soup version 0.19.5 (webtiles) character file.

51 JeffiDaFish the Skirmisher (level 3, 0/40 HPs)
             Began as an Ogre Fighter on Mar 7, 2017.
             Slain by a jackal (1 damage)
             ... on level 2 of the Dungeon.
             The game lasted 00:03:35 (1222 turns).

JeffiDaFish the Skirmisher (Ogre Fighter)           Turns: 1222, Time: 00:03:36

Health: 0/40       AC:  4    Str: 21    XL:     3   Next: 81%
Magic:  10/12      EV:  8    Int:  7    God:
Gold:   54         SH:  8    Dex: 10    Spells: 0 memorised, 2 levels left

rFire  . . .     SeeInvis .     a - +0 flail
rCold  . . .     Gourm    .     b - +0 robe
rNeg   . . .     Faith    .     c - +0 shield
rPois  .         Spirit   .     (helmet restricted)
rElec  .         Reflect  .     e - +0 cloak (curse)
rCorr  .         Harm     .     (gloves unavailable)
MR     .....     Rnd*Tele +     (boots unavailable)
Stlth  +.........               (no amulet)
                                (no ring)
                                j - ring of magical power

@: no status effects
A: unfitting armour, talons 1, screaming 1, teleportitis 1, tough skin 1
a: no special abilities


You were on level 2 of the Dungeon.
You were not hungry.

You visited 1 branch of the dungeon, and saw 2 of its levels.

You collected 54 gold pieces.

Inventory:

Hand Weapons
 a - a +0 flail (weapon)
Armour
 b - a +0 robe (worn)
 c - a +0 shield (worn)
 e - a cursed +0 cloak (worn)
Jewellery
 j - a ring of magical power (left hand)
Potions
 d - a potion of might
 i - a potion of resistance
Comestibles
 f - a bread ration
 g - a royal jelly
 h - 2 chunks of flesh


   Skills:
 + Level 4.4 Fighting
 + Level 3.4 Maces & Flails
 + Level 3.2 Dodging
 + Level 3.1 Shields


You had 2 spell levels left.
You didn't know any spells.

Dungeon Overview and Level Annotations

Branches:
Dungeon (2/15)

Altars:


Innate Abilities, Weirdness & Mutations

You are too large for most types of armour.
You have tough skin. (AC +1)
You have sharp toenails.
You occasionally shout uncontrollably at your foes.
You are occasionally teleported next to monsters.


Message History

You are too injured to fight recklessly!
You closely miss the jackal. You block the jackal's attack. x3
The jackal barely misses you.
The jackal pauses to sniff the ground.
The jackal bites you but does no damage. x2
The jackal bites you.
* * * LOW HITPOINT WARNING * * *
The jackal bites you.
* * * LOW HITPOINT WARNING * * *
The jackal bites you but does no damage.
The jackal bites you.
* * * LOW HITPOINT WARNING * * *
The jackal bites you.
* * * LOW HITPOINT WARNING * * *
The jackal bites you but does no damage.
You barely miss the jackal. You claw the jackal, but do no damage.
The jackal barely misses you. You block the jackal's attack.
The jackal bites you but does no damage.
You block the jackal's attack. The jackal bites you.
You die...

#........ #........
#........ #####
#........ ###...###
#........
........########h.......
...............hhh......
.............###@hg.....
.######........hhh######
.# ##..##.<..b## ##
##..#......... ####
##.##.####.... .....
..... ..>.# #...> #.#.##
##.. ..### ..#.# # ###
#.%...


You could see 8 jackals, a hobgoblin and a bat.

Vanquished Creatures
  2 adders (D:2)
  An ooze (D:1)
  A worm (D:2)
  A dart slug (D:1)
  A leopard gecko (D:1)
  2 giant cockroaches
  5 hobgoblins
  2 jackals (D:2)
  2 kobolds
  3 bats (D:1)
  A goblin (D:1)
  3 rats
24 creatures vanquished.

Notes
Turn   | Place    | Note
-------+----------+-------------------------------------------
     0 | D:1      | JeffiDaFish the Ogre Fighter began the quest for the Orb.
     0 | D:1      | Reached XP level 1. HP: 24/24 MP: 1/1
    46 | D:1      | Reached XP level 2. HP: 22/32 MP: 2/2
   867 | D:2      | Reached XP level 3. HP: 38/39 MP: 3/3
   896 | D:2      | Gained mutation: You occasionally shout uncontrollably at your foes. [potion of mutation]
   896 | D:2      | Gained mutation: You have sharp toenails. [potion of mutation]
   896 | D:2      | Gained mutation: You are occasionally teleported next to monsters. [potion of mutation]
  1221 | D:2      | HP: 1/40 [jackal (3)]
  1222 | D:2      | Slain by a jackal

Skill      XL: |  1  2 |
---------------+-------+-----
Dodging        | 3 |  3.2
Maces & Flails | 3 |  3.4
Shields        | 3 |  3.1
Fighting       | |  4.4

Action                   || total
-------------------------++-------
Melee: Flail             ||    79
       Kick              ||     4
  Use: Potion            ||     4
       Scroll            ||     2
  Eat: Chunk             ||     1
Armor: Robe              ||    39
Dodge: Dodged            ||    43
Block: Shield            ||    46
